 Dungeon Crawl Stone Soup version 0.28.0-47-ge53b351184 (webtiles) character file.

Game seed: 11964067045539410389

16669 mortz the Cleaver (level 12, -1/106 HPs)
             Began as a Hill Orc Fighter on May 6, 2022.
             Was a Priest of Makhleb.
             Slain by a troll (8 damage)
             ... on level 10 of the Dungeon.
             The game lasted 01:09:59 (13088 turns).

mortz the Cleaver (Hill Orc Fighter)               Turns: 13088, Time: 01:10:00

Health: -1/106     AC: 34    Str: 24    XL:     12   Next: 39%
Magic:  18/18      EV:  5    Int:  8    God:    Makhleb [***...]
Gold:   413        SH:  0    Dex: 10    Spells: 11/11 levels left

rFire   . . .      SeeInvis .   T - +5 halberd (drain) {polearm}
rCold   . . .      Faith    .   (shield currently unavailable)
rNeg    . . .      Spirit   .   G - +0 crystal plate armour {rarerare}
rPois   .          Reflect  .   E - +1 helmet
rElec   .          Harm     .   w - +1 cloak
rCorr   .          Rampage  .   (no gloves)
Will    .....                   z - +0 pair of boots
Stlth   ..........              K - amulet of the acrobat
HPRegen 0.27/turn               S - +4 ring of protection
MPRegen 0.16/turn               A - +4 ring of protection

@: slowed, very slow
A: no striking features
a: Renounce Religion, Minor Destruction, Lesser Servant of Makhleb


You were on level 10 of the Dungeon.
You worshipped Makhleb.
Makhleb was most pleased with you.
You visited 2 branches of the dungeon, and saw 12 of its levels.
You also visited: Sewer and Bailey.

You collected 629 gold pieces.
You spent 216 gold pieces at shops.


   Skills:
 + Level 9.7 Fighting
 - Level 3.6(3.9) Short Blades
 + Level 2.2(3.4) Long Blades
 + Level 13.4(14.1) Axes
 + Level 2.2(7.7) Maces & Flails
 + Level 5.4(9.3) Polearms
 + Level 1.8(3.6) Staves
 + Level 3.3 Throwing
 + Level 9.1 Armour
 + Level 2.8 Dodging
 + Level 2.2 Stealth
 + Level 6.7 Shields
 * Level 8.1 Invocations
 + Level 2.6 Evocations


You had 11 spell levels left.
You didn't know any spells.
Your spell library contained the following spells:

 Spells                   Type           Power      Damage    Failure   Level
 Freeze                   Ice            0%         1d3       100%        1
 Magic Dart               Conj           0%         1d3       100%        1
 Slow                     Hex            0%         N/A       100%        1
 Call Imp                 Summ           0%         N/A       100%        2
 Sublimation of Blood     Necr           0%         N/A       100%        2
 Wereblood                Tmut           0%         N/A       100%        2
 Confusing Touch          Hex            0%         N/A       100%        3
 Frozen Ramparts          Ice            0%         1d2       100%        3
 Mephitic Cloud           Conj/Pois/Air  0%         N/A       100%        3
 Vampiric Draining        Necr           0%         2d6       100%        3
 Hailstorm                Conj/Ice       0%         3d3       100%        4
 Yara's Violent Unravell  Hex/Tmut       0%         3d3       100%        5
 Enfeeble                 Hex            0%         N/A       100%        7
 Summon Hydra             Summ           0%         N/A       100%        7

Inventory:

Hand Weapons
 a - a +2 vorpal falchion {long}
   (You found it on level 10 of the Dungeon)
 h - the +3 war axe "Jellybane" {vorpal, Str-5 Int+2 Dex+6, axe}
   (You found it on level 6 of the Dungeon)

   It inflicts extra damage upon your enemies.
   Str:       It affects your strength (-5).
   Int:       It affects your intelligence (+2).
   Dex:       It affects your dexterity (+6).
 l - a +4 short sword of speed {short}
   (You took it off Duvessa on level 4 of the Dungeon)
 p - a +1 hand axe of venom {axe}
   (You found it on level 2 of the Dungeon)
 M - a +3 flail of protection {mace}
   (You found it in a bailey)
 P - a +3 flail {mace}
   (You took it off a wight on level 8 of the Dungeon)
 T - a +5 halberd of draining (weapon) {polearm}
   (You took it off an orc in a bailey)
Missiles
 e - 9 poisoned darts (quivered) {throwing}
 f - 322 stones {throwing}
 r - 6 boomerangs {throwing}
 H - 3 datura-tipped darts {throwing}
 N - 5 silver boomerangs {throwing}
 U - 25 javelins {throwing}
Armour
 c - a +1 buckler
 w - a +1 cloak (worn)
   (You found it on level 3 of the Dungeon)
 y - a +1 chain mail of positive energy
   (You bought it in a shop on level 1 of the Dungeon)
 z - a +0 pair of boots (worn)
   (You found it on level 5 of the Dungeon)
 E - a +1 helmet (worn)
   (You bought it in a shop on level 1 of the Dungeon)
 G - a +0 crystal plate armour (worn) {rarerare}
   (You took it off an orc warrior in a bailey)
 J - a +0 plate armour
   (You found it on level 7 of the Dungeon)
 Q - +1 steam dragon scales
   (You took it off Maggie on level 9 of the Dungeon)
 V - a +2 chain mail of poison resistance
   (You took it off Harold on level 9 of the Dungeon)
Magical Staves
 I - a staff of fire {!astaff}
   (You found it on level 7 of the Dungeon)
Jewellery
 v - a ring of protection from cold
   (You found it in a sewer)
 A - a +4 ring of protection (right hand)
   (You found it on level 5 of the Dungeon)
 K - an amulet of the acrobat (around neck)
   (You found it on level 7 of the Dungeon)
 R - a ring of protection from fire
   (You found it on level 10 of the Dungeon)
 S - a +4 ring of protection (left hand)
   (You found it on level 9 of the Dungeon)
Wands
 b - a wand of flame (66)
   (You found it on level 4 of the Dungeon)
 q - a wand of iceblast (19)
   (You took it off Ijyb on level 3 of the Dungeon)
 L - a wand of polymorph (14)
   (You found it on level 8 of the Dungeon)
Scrolls
 i - a scroll of blinking {!r}
 j - 2 scrolls of teleportation {@r4}
 t - 2 scrolls of fear {unknown}
 C - a scroll of enchant weapon {unknown}
 D - 2 scrolls of brand weapon
 F - a scroll of immolation {!r!r}
 O - 3 scrolls of vulnerability {!r!r}
Potions
 d - 3 potions of might
 g - 3 potions of magic {unknown}
 k - a potion of mutation {unknown}
 m - 3 potions of heal wounds {@q2}
 n - 2 potions of attraction {unknown}
 o - 3 potions of resistance
 s - 2 potions of lignification {unknown}
 u - a potion of degeneration {unknown}
 x - 5 potions of curing {@q1}
 B - a potion of haste {unknown}

Dungeon Overview and Level Annotations

Branches:
Dungeon (11/15)            Temple (1/1) D:4            Lair (0/6) D:11
  Sewer (visited)          Bailey (visited)
    Orc: D:9-12

Altars:
Ashenzari
Cheibriados
Dithmenos
Elyvilon
Fedhas
Gozag
Hepliaklqana
Kikubaaqudgha
Makhleb
Nemelex Xobeh
Okawaru
Qazlal
Ru
Sif Muna
Trog
Uskayaw
Vehumet
Wu Jian
Xom
Yredelemnul
Zin
The Shining One

Shops:
D:1 [   D:10 :

Annotations:
D:10 Psyche, Sonja

#........# #........* #.......#*
##.......# **##*#........# **###
###*...,.........# *....
..##...,.........## *....
#......*##......Tc# ########....
.....#,,........@.####...........
....##**###...#.....##...........
.....## ###...##...#...........
......## #.#........).........
.......######...(................
.................................
....................##...........
.......#....#.......##.#..#######
.......................#.##


You could see a troll and a centaur.


Message History

Found Ugimog's Book Shop.
A wraith comes into view.
There is an entrance to Ugimog's Book Shop here.
You hit the wraith but do no damage. The wraith hits you but does no damage.
You closely miss the wraith. The wraith hits you but does no damage.
You completely miss the wraith. The wraith hits you but does no damage.
You slash the wraith! The wraith hits you but does no damage.
You impale the wraith!!
You destroy the wraith!
Makhleb accepts your kill.
You hear a shout!
Sonja, the Graceful Assassin comes into view.
She is wielding a +3 dagger of venom and quivering curare-tipped darts.
Reach: T) +5 halberd (drain) {polearm}
Press: ? - help, Dir - move target, f - Sonja
Aim: Sonja, wielding a +3 dagger of venom and quivering curare-tipped darts (about 79% to evade your +5 halberd of draining)
You reach to attack!
You miss Sonja. You impale Sonja!!
Sonja hits you with a +3 dagger of venom!
You are poisoned.
Sonja hits you with a +3 dagger of venom.
Sonja barely misses you. Sonja hits you but does no damage.
You are more poisoned.
Sonja hits you but does no damage.
You are more poisoned.
Sonja barely misses you. 😕 HP[-9]
You take 9 damage, and now have 97/106 hp.
You miss Sonja.
You feel extremely sick. Sonja hits you but does no damage.
You are more poisoned.
Sonja hits you but does no damage.
You are more poisoned.
Sonja hits you but does no damage.
You are more poisoned. 😕 HP[-7]
You take 7 damage, and now have 90/106 hp.
You barely miss Sonja.
You feel extremely sick. Sonja hits you but does no damage.
You are more poisoned.
Sonja hits you but does no damage.
You are more poisoned.
Sonja hits you but does no damage.
You are more poisoned. 😮 HP[-11]
You take 11 damage, and now have 79/106 hp.
You miss Sonja.
You feel extremely sick.
Sonja casts a spell.
Sonja blinks! 😮 HP[-15]
You take 15 damage, and now have 64/106 hp.
As you read the scroll of teleportation {@r4}, it crumbles to dust.
You feel strangely unstable.
* * * LOW HITPOINT WARNING * * *
You feel extremely sick.
Sonja throws a curare-tipped dart.
The curare-tipped dart hits you.
You are lethally poisoned!
You have difficulty breathing.
* * * LOW HITPOINT WARNING * * *
You feel yourself slow down. 😨 HP[-15]
You take 15 damage, and now have 49/106 hp.
* * * LOW HITPOINT WARNING * * *
You feel extremely sick.
Sonja throws a curare-tipped dart.
The curare-tipped dart closely misses you. 😨 HP[-18]
You take 18 damage, and now have 31/106 hp.
Your surroundings suddenly seem different.
A troll and a centaur come into view.
* * * LOW HITPOINT WARNING * * *
You feel extremely sick.
The troll shouts!
The centaur shouts!
The centaur wields a +0 shortbow.
The centaur shoots an arrow.
The arrow misses you. 😱 HP[-13]
You take 13 damage, and now have 18/106 hp.
* * * LOW HITPOINT WARNING * * *
You feel extremely sick.
The centaur shoots an arrow.
The arrow completely misses you. 😱 HP[-9]
You take 9 damage, and now have 9/106 hp.
* * * LOW HITPOINT WARNING * * *
You feel extremely sick. 😱 HP[-7]
You take 7 damage, and now have 2/106 hp.
You feel better.
The centaur shoots an arrow.
The arrow hits you but does no damage. 😱 HP[+9]
You regained 9 hp, and now have 11/106 hp.
The centaur shoots an arrow.
The arrow hits you.
* * * LOW HITPOINT WARNING * * *
The centaur shoots an arrow.
The arrow closely misses you. 😱 HP[-5]
You take 5 damage, and now have 6/106 hp.
There is a stone staircase leading down here.
The troll bites you!
You die...

Skill      XL: |  1  2  3  4  5  6  7  8  9 10 11 12 |
---------------+-------------------------------------+-----
Axes           | 3 4 5 6 7 8 11 12 13 | 13.4
Fighting       | 4 5 6 7 8 9 |  9.7
Armour         | 4 5 6 7 8 9 |  9.1
Dodging        | 1 2 |  2.8
Throwing       | 1 2 3 |  3.3
Short Blades   | 1 3 |  3.6
Shields        | 4 5 6 |  6.7
Stealth        | 1 2 |  2.2
Invocations    | 2 5 7 8 |  8.1
Polearms       | 3 5 |  5.4
Long Blades    | 2 |  2.2
Maces & Flails | 2 |  2.2
Staves         | 1 |  1.8
Evocations     | 2 |  2.6

Action                   |  1- 3 |  4- 6 |  7- 9 | 10-12 || total
-------------------------+-------+-------+-------+-------++-------
Melee: War axe           |    69 |     5 |   160 |   148 ||   382
       Hand axe          |       |   114 |    53 |       ||   167
       Short sword       |       |       |   136 |       ||   136
       Halberd           |       |       |       |   168 ||   168
       Unarmed           |       |       |       |     1 ||     1
Throw: Dart              |     5 |     7 |    37 |     5 ||    54
       Stone             |       |     6 |       |       ||     6
Invok: Minor Destruction |       |       |       |     4 ||     4
Evoke: Wand              |       |       |     2 |       ||     2
  Use: Scroll            |       |       |    10 |     7 ||    17
       Potion            |       |       |       |     2 ||     2
Armor: Scale mail        |    24 |    29 |       |       ||    53
       Chain mail        |       |     1 |   118 |       ||   119
       Ring mail         |       |       |     6 |       ||     6
       Plate armour      |       |       |     5 |   140 ||   145
       Crystal plate arm |       |       |       |    82 ||    82
Dodge: Dodged            |    25 |    39 |    87 |   169 ||   320
Block: Buckler           |    10 |    15 |    56 |    51 ||   132

Levels and vault maps discovered:
D:1:      amcnicky_arrival_choice, layout_loops_cross, serial_shops, shop
D:2:      layout_basic, basic_altar, basic_ecumenical_altar
D:3:      layout_basic, hangedman_decor_push, uniq_sigmund, uniq_ijyb
D:4:      layout_basic, mainiacjoe_overflow_tiny_flanked, old_standard_altar,
          minmay_temple_entry_ruins, minmay_gold_behind_fungi, uniq_duvessa
D:5:      layout_gridville, portal_sewer_entry_d, minmay_ruined_shrine
D:6:      layout_basic
D:7:      layout_loops_ring, led_sif_book, kennysheep_little_box,
          kennysheep_pointless_box
D:8:      nicolae_cairo_tiling_large, layout_layer_cave,
          grunt_temple_overflow_order_and_chaos_1, fedhas_altar_fruit_tree
D:9:      layout_basic, grunt_temple_overflow_diamond, enter_bailey_5,
          fungi_pond_lemuel, uniq_harold, uniq_maggie
D:10:     layout_rooms, serial_shops, nicolae_square_shop, uniq_psyche,
          uniq_sonja
D:11:     layout_small_grid, dpeg_lair_monsters, serial_shops,
          nicolae_shop_temple_entry_statues_fountains, chequers_big_river
Temple:   minmay_temple_bridge_abc

Notes
Turn   | Place    | Note
-------+----------+-------------------------------------------
     0 | D:1      | mortz the Hill Orc Fighter began the quest for the Orb.
     0 | D:1      | Reached XP level 1. HP: 19/19 MP: 1/1
     0 | D:1      | magus.rc [v1.9.6]
   188 | D:1      | Found Anekhos's Armour Shoppe.
   329 | D:1      | Reached XP level 2. HP: 27/27 MP: 2/2
   431 | D:1      | Reached skill level 3 in Axes
   473 | D:1      | Reached skill level 4 in Fighting
   943 | D:2      | Reached XP level 3. HP: 33/33 MP: 3/3
  1337 | D:2      | Reached XP level 4. HP: 40/41 MP: 4/4
  1380 | D:2      | Found a shimmering altar of Xom.
  1403 | D:2      | Found a faded altar of an unknown god.
  1959 | D:3      | Noticed Ijyb
  1973 | D:3      | Killed Ijyb
  1974 | D:3      | Reached skill level 4 in Axes
  2131 | D:3      | Reached skill level 4 in Armour
  2131 | D:3      | Reached XP level 5. HP: 29/47 MP: 5/5
  2327 | D:3      | Noticed Sigmund
  2352 | D:3      | Killed Sigmund
  2353 | D:3      | Reached skill level 5 in Axes
  2353 | D:3      | Reached skill level 1 in Dodging
  2353 | D:3      | Reached XP level 6. HP: 39/55 MP: 6/6
  2824 | D:4      | Found a snail-covered altar of Cheibriados.
  2944 | D:4      | Reached skill level 5 in Fighting
  3096 | D:1      | Bought a +1 chain mail of positive energy for 162 gold
                  | pieces
  3293 | D:4      | Found an opulent altar of Gozag.
  3293 | D:4      | Noticed Dowan
  3293 | D:4      | Noticed Duvessa
  3309 | D:4      | Killed Duvessa
  3310 | D:4      | Reached skill level 6 in Axes
  3310 | D:4      | Reached XP level 7. HP: 52/61 MP: 7/7
  3313 | D:4      | HP: 11/61 [Dowan/shard of ice (21)]
  3314 | D:4      | Killed Dowan
  3315 | D:4      | Reached skill level 5 in Armour
  3391 | D:4      | HP: 10/61 [iguana (10)]
  3817 | D:4      | Found a staircase to the Ecumenical Temple.
  3826 | D:4      | You pick up a book of Debilitation and begin reading...
  3826 | D:4      | You add the spells Slow, Vampiric Draining and Confusing
                  | Touch to your library.
  3842 | Temple   | Entered the Ecumenical Temple
  4038 | Temple   | Became a worshipper of Makhleb the Destroyer
  4148 | D:4      | Reached skill level 7 in Axes
  4445 | D:5      | Entered Level 5 of the Dungeon
  4486 | D:5      | Found a glowing drain.
  4502 | Sewer    | Entered a sewer
  4570 | Sewer    | Reached skill level 1 in Throwing
  4837 | D:5      | Reached skill level 1 in Short Blades
  4837 | D:5      | Reached skill level 4 in Shields
  4837 | D:5      | Reached XP level 8. HP: 67/69 MP: 8/8
  5037 | D:5      | Found a glowing silver altar of Zin.
  5046 | D:5      | Reached skill level 6 in Fighting
  5054 | D:5      | Reached skill level 2 in Throwing
  5358 | D:5      | Reached skill level 2 in Short Blades
  5699 | D:6      | Reached skill level 6 in Armour
  5699 | D:6      | Reached skill level 1 in Stealth
  5714 | D:6      | Reached skill level 3 in Short Blades
  6216 | D:1      | Bought a +0 helmet for 54 gold pieces
  6351 | D:6      | Identified the +3 war axe "Jellybane" {vorpal, Str-5 Int+2
                  | Dex+6}
  6541 | D:6      | magus.rc [v1.9.6]
  6541 | D:6      | magus.rc [v1.9.6]
  6549 | D:6      | Reached * piety under Makhleb
  6669 | D:6      | Reached skill level 8 in Axes
  7029 | D:7      | You pick up a book of Misfortune and begin reading...
  7029 | D:7      | You add the spells Yara's Violent Unravelling and Enfeeble
                  | to your library.
  7053 | D:7      | Reached XP level 9. HP: 67/78 MP: 9/9
  7229 | D:7      | Reached skill level 9 in Axes
  7379 | D:7      | Found a shimmering blue altar of Sif Muna.
  7517 | D:7      | Found a hide-covered altar of Uskayaw.
  7588 | D:7      | Reached skill level 10 in Axes
  7937 | D:7      | Reached skill level 3 in Throwing
  8086 | D:7      | You pick up a book of Blood and begin reading...
  8086 | D:7      | You add the spells Sublimation of Blood, Wereblood and
                  | Summon Hydra to your library.
  8500 | D:8      | Killed an angel
  8600 | D:8      | Reached ** piety under Makhleb
  8601 | D:8      | Reached skill level 7 in Armour
  8617 | D:8      | Identified the +0 ring mail "Jaxah" {*Corrode rPois Regen+}
  8654 | D:8      | Found a shimmering altar of Xom.
  8658 | D:8      | Reached skill level 7 in Fighting
  8673 | D:8      | Found a glowing silver altar of Zin.
  8968 | D:8      | Reached skill level 5 in Shields
  8968 | D:8      | Reached skill level 1 in Invocations
  9075 | D:8      | Reached skill level 2 in Invocations
  9107 | D:8      | Reached skill level 11 in Axes
  9308 | D:8      | You fall into a shaft and drop 3 floors!
  9308 | D:11     | Noticed a death yak
  9308 | D:11     | Found a staircase to the Lair.
  9318 | D:11     | Noticed a death yak
  9319 | D:11     | Reached XP level 10. HP: 86/86 MP: 11/11
  9319 | D:11     | Noticed a death yak
  9345 | D:11     | Killed a death yak
  9346 | D:11     | Reached skill level 3 in Invocations
  9359 | D:11     | Killed a death yak
  9360 | D:11     | Reached skill level 12 in Axes
  9360 | D:11     | Reached skill level 4 in Invocations
  9375 | D:11     | Killed a death yak
  9376 | D:11     | Reached skill level 8 in Fighting
  9376 | D:11     | Reached skill level 2 in Dodging
  9396 | D:11     | Reached skill level 8 in Armour
  9407 | D:10     | Entered Level 10 of the Dungeon
  9732 | D:9      | Found a flagged portal.
  9752 | Bailey   | Entered a bailey
 10023 | Bailey   | Reached *** piety under Makhleb
 10024 | Bailey   | Reached skill level 5 in Invocations
 10038 | Bailey   | Reached skill level 6 in Shields
 10245 | Bailey   | Reached XP level 11. HP: 63/95 MP: 14/14
 10254 | Bailey   | Reached skill level 13 in Axes
 10461 | Bailey   | Identified a +0 crystal plate armour
 10500 | Bailey   | Reached skill level 1 in Polearms
 10975 | Bailey   | a +0 spear {polearm}; a +0 crystal plate armour {rarerare}
 10985 | Bailey   | You finish putting on your +0 crystal plate armour
                  | {rarerare}.
 11006 | Bailey   | Reached skill level 9 in Fighting
 11006 | Bailey   | Reached skill level 2 in Long Blades
 11006 | Bailey   | Reached skill level 2 in Maces & Flails
 11006 | Bailey   | Reached skill level 3 in Polearms
 11006 | Bailey   | Reached skill level 1 in Staves
 11006 | Bailey   | Reached skill level 2 in Stealth
 11006 | Bailey   | Reached skill level 7 in Invocations
 11006 | Bailey   | Reached skill level 2 in Evocations
 11006 | Bailey   | Reached XP level 12. HP: 105/105 MP: 15/17
 11010 | Bailey   | You pick up a book of Frost and begin reading...
 11010 | Bailey   | You add the spells Freeze, Frozen Ramparts and Hailstorm to
                  | your library.
 11382 | D:8      | Found a blossoming altar of Fedhas.
 11732 | D:9      | Reached skill level 9 in Armour
 11825 | D:9      | Found a stormy altar of Qazlal.
 11828 | D:9      | Found a bloodstained altar of Trog.
 11831 | D:9      | Found an iron altar of Okawaru.
 11852 | D:9      | Noticed Maggie
 11863 | D:9      | Killed Maggie
 11864 | D:9      | Reached skill level 4 in Polearms
 12181 | D:9      | Noticed Harold
 12192 | D:9      | Killed Harold
 12783 | D:10     | Noticed Psyche
 12792 | D:10     | your +0 crystal plate armour {rarerare} melds into your
                  | body.
 12835 | D:9      | your +0 crystal plate armour {rarerare} unmelds from your
                  | body.
 12913 | D:10     | Reached skill level 5 in Polearms
 12917 | D:10     | Reached skill level 8 in Invocations
 12922 | D:10     | You pick up a book of Minor Magic and begin reading...
 12922 | D:10     | You add the spells Magic Dart, Call Imp and Mephitic Cloud
                  | to your library.
 13063 | D:10     | Found Ugimog's Book Shop.
 13074 | D:10     | Noticed Sonja
 13082 | D:10     | HP: 18/106 [poisoned by Sonja (curare-tipped dart)]
 13084 | D:10     | HP: 2/106 [poisoned by Sonja (curare-tipped dart)]
 13088 | D:10     | Slain by a troll

Vanquished Creatures
  Harold (D:9)
  3 death yaks (D:11)
  Maggie (D:9)
  A troll (D:10)
  Sigmund (D:3)
  3 wraiths (D:10)
  A wyvern (D:8)
  7 yaks
  A basilisk (D:11)
  2 water moccasins
  Duvessa (D:4)
  A sky beast (D:6)
  A hornet zombie (D:8)
  2 black bears
  12 orc warriors
  A necrophage (D:8)
  4 ogres
  A phantom (D:4)
  12 centaurs
  A bullfrog (D:8)
  A wyvern zombie (D:6)
  2 scorpions (D:6)
  Dowan (D:4)
  A water moccasin skeleton (D:5)
  3 killer bees (D:8)
  2 electric eels (D:9)
  4 wights (D:8)
  5 howler monkeys
  2 centaur zombies (D:7)
  2 bullfrog zombies
  2 hounds
  4 jellies
  2 orc priests (D:7)
  Ijyb (D:3)
  2 iguanas
  5 orc wizards
  2 hound skeletons
  4 howler monkey zombies
  A howler monkey skeleton (D:4)
  9 adders
  2 shadow imps (D:8)
  2 ufetubi (D:6)
  A worm (D:3)
  2 dart slugs
  35 orcs
  9 ball pythons
  6 endoplasms
  2 giant cockroaches
  8 goblins
  9 hobgoblins
  4 jackals
  3 quokkas
  3 bats
  2 frilled lizards
  7 kobolds
  4 rats
211 creatures vanquished.

Vanquished Creatures (others)
  An angel (D:8)
  An orc warrior (Bailey)
  A fungus (D:4)
  4 toadstools (D:4)
7 creatures vanquished.

Grand Total: 218 creatures vanquished

Table legend:
 A = Non-vault XP
 B = Vault XP
 C = Vault XP percentage of total XP
 D = Non-vault monster count
 E = Vault monster count
 F = Vault count percentage of total count
                 A         B        C        D         E       F
            +---------+---------+-------+---------+---------+-------
      Total |    5868 |    8142 |  58.1 |     145 |      67 |  31.6
            +---------+---------+-------+---------+---------+-------
        D:1 |      25 |       0 |   0.0 |      14 |       0 |   0.0
        D:2 |      71 |       0 |   0.0 |      23 |       0 |   0.0
        D:3 |      72 |     255 |  78.0 |      13 |       2 |  13.3
        D:4 |     257 |     217 |  45.8 |      16 |       2 |  11.1
        D:5 |     272 |     270 |  49.8 |       6 |       5 |  45.5
        D:6 |     739 |       0 |   0.0 |      16 |       0 |   0.0
        D:7 |    1110 |      70 |   5.9 |      21 |       2 |   8.7
        D:8 |    1164 |       0 |   0.0 |      19 |       0 |   0.0
        D:9 |     417 |    1278 |  75.4 |       9 |       6 |  40.0
       D:10 |    1552 |       0 |   0.0 |       7 |       0 |   0.0
       D:11 |     189 |    3267 |  94.5 |       1 |       7 |  87.5
      Sewer |       0 |     161 | 100.0 |       0 |       2 | 100.0
     Bailey |       0 |    2624 | 100.0 |       0 |      41 | 100.0
            +---------+---------+-------+---------+---------+-------

Illustrated notes

Table legend:
 A = Kills in this place as a percentage of kills in entire the game.
 B = Kills by you in this place as a percentage of kills by you in the entire game.
 C = Kills by friends in this place as a percentage of kills by friends in the entire game.
 D = Other kills in this place as a percentage of other kills in the entire game.
 E = Experience gained in this place as a percentage of experience gained in the entire game.
 F = Experience gained in this place divided by the number of levels of this place that you have seen.
                   A       B       C       D       E      F
               +-------+-------+-------+-------+-------+----------------------
         Total | 100.0 | 100.0 |   N/A | 100.0 | 100.0 | 1000.7
       Dungeon |  79.7 |  80.1 |   N/A |   0.0 |  80.1 | 1020.5
         Sewer |   0.9 |   0.9 |   N/A |   0.0 |   1.1 | 161.0
        Bailey |  19.3 |  19.0 |   N/A | 100.0 |  18.7 | 2624.0
               +-------+-------+-------+-------+-------+----------------------

Table legend: (Time is in decaauts)
 A = Elapsed time spent in this place.
 B = Non-inter-level travel time spent in this place.
 C = Inter-level travel time spent in this place.
 D = Time resting spent in this place.
 E = Time spent auto-exploring this place.
 F = Levels seen in this place.
 G = Mean time per level.
                   A        B        C        D        E       F      G
               +--------+--------+--------+--------+--------+-----+--------+
         Total |  13148 |  12469 |    679 |   1714 |   8218 |  14 |  939.1 |
       Dungeon |  11164 |  10506 |    658 |   1304 |   7374 |  11 | 1014.9 |
        Temple |    218 |    197 |     21 |      0 |    185 |   1 |  218.0 |
         Sewer |    270 |    270 |      0 |      0 |    201 |   1 |  270.0 |
        Bailey |   1494 |   1494 |      0 |    410 |    457 |   1 | 1494.0 |
               +--------+--------+--------+--------+--------+-----+--------+

Top non-repeatable levels by time:
  Bailey: 1494 daAuts
     D:7: 1330 daAuts
     D:9: 1329 daAuts
     D:4: 1288 daAuts
     D:8: 1279 daAuts
     D:6: 1183 daAuts
     D:3: 1115 daAuts
     D:2: 1082 daAuts
     D:5: 954 daAuts
     D:1: 932 daAuts
    D:10: 572 daAuts
   Sewer: 270 daAuts
  Temple: 218 daAuts
    D:11: 95 daAuts
